[Event "American Cup Open Champions 2025"]
[Site "Saint Louis"]
[Date "2025.03.15"]
[Round "1.1"]
[White "Nakamura, Hikaru"]
[Black "Mishra, Abhimanyu"]
[Result "1/2-1/2"]
[Annotator "TA"]
[ECO "E05"]
[WhiteElo "2802"]
[BlackElo "2600"]
[PlyCount "188"]
[EventDate "2025.03.02"]
[EventType "k.o."]
[EventCountry "USA"]
[SourceTitle "playchess.com"]
[Source "ChessBase"]
[SourceQuality "1"]
[TimeControl "5400+30"]

1. d4 Nf6 2. c4 e6 3. Nf3 d5 4. g3 Be7 5. Bg2 O-O 6. O-O dxc4 7. Qc2 a6 8. a4 Bd7 9. Qxc4 Bc6 10. Bf4 Bd6 {[%emt 0:03:15] E05: Open Catalan: 5 Nf3 Be7.} 11. Nc3 Bxf4 12. gxf4 a5 13. e3 Na6 14. Kh1 Nb4 15. Qe2 Qe7 $5 $146 {[%emt 0:16:49][%mdl 8] New and interesting.} ({Predecessor:} 15... Bxf3 16. Bxf3 c6 17. Rg1 Qe7 18. Rg5 Kh8 19. Rag1 g6 20. Qc2 Nxc2 {0-1 Aronian,L (2773)-Nakamura,H (2736) Saint Louis Blitz 2020 (7)}) 16. Nb5 Bxf3 (16... Ng4 {with more complications.} 17. Ng5 Bxg2+ 18. Kxg2 Nh6) 17. Bxf3 c6 18. Na3 Ne8 19. Nc2 Nxc2 20. Qxc2 f5 21. Qb3 Nf6 22. Rac1 Nd5 23. Rg1 Rf7 24. Rc5 Kh8 25. Qd1 Qf6 26. Qf1 Rc7 27. Qg2 b6 28. Rc4 Rac8 29. Rgc1 Qe7 30. h3 Nb4 31. Be2 (31. Bxc6 Nd3 32. Ra1 Nxf2+ (32... Nxb2 33. Rc3 $15) 33. Qxf2 Rxc6 34. Rxc6 Rxc6 $17) 31... Na2 32. Rd1 Nb4 33. b3 Nd5 34. Rcc1 Nb4 35. Bc4 Na2 36. Ra1 Nb4 37. Rg1 Rd8 38. Kh2 Qf6 39. Be2 Rdc8 40. Rad1 Nd5 41. Ba6 Rd8 42. Rc1 Nb4 43. Be2 Rdc8 44. Rc4 Qe7 45. Bf3 Kg8 46. Rcc1 Qf6 47. Be2 Kh8 48. Bc4 Nd5 49. Qg3 Rd8 50. h4 Qf7 51. Be2 Rdc8 52. Ba6 Ra8 53. Be2 Rac8 54. h5 Nf6 55. Qh4 Qe7 56. Kg2 Nd5 57. Qxe7 Rxe7 58. Bf3 Rec7 59. Bxd5 cxd5 $14 {[%emt 0:00:41][%mdl 4096] Endgame KRR-KRR} 60. Rb1 (60. Rxc7 Rxc7 61. Kf3 Rc3 $11) 60... Kg8 61. b4 Rc4 62. bxa5 bxa5 63. Kf3 Rb4 64. Rxb4 axb4 {[%emt 0:00:01] KR-KR} 65. h6 g6 66. Rb1 Rb8 67. Ke2 $1 b3 68. Kd3 Ra8 69. Rxb3 Rxa4 70. Rb7 {[%emt 0:02:31] Wards off Ra7} Ra2 ({Better is} 70... Ra1 71. Rg7+ Kh8) 71. Rg7+ $16 Kh8 (71... Kf8 $16) 72. Re7 $18 Kg8 73. Rxe6 Rxf2 74. Re8+ $1 Kf7 75. Rh8 Kf6 76. Rxh7 g5 (76... Rh2 $16 77. Rh8 g5) 77. fxg5+ $1 Kxg5 78. Rd7 Kxh6 79. Rxd5 Kg6 80. Re5 Ra2 {[%emt 0:00:30] [#]} 81. e4 $2 ({White must play} 81. Kc3 $1 $18) 81... fxe4+ $11 82. Rxe4 Kf5 $1 {[%emt 0:01:38] ( -> ...Ra3+)} 83. Re8 Ra4 $1 84. Kc3 Kf6 {[%emt 0:00:19] [#]} 85. d5 $2 (85. Re4 $1 $18 {Kb3 would now be deadly.} Kf7 86. Re2) 85... Kf7 $14 86. Re2 Kf6 87. Re1 Kf7 88. Re6 Rh4 89. Re2 Ra4 90. Re1 Rh4 91. Re5 Ra4 92. Re1 Rh4 $1 93. Re6 Ra4 94. Re1 Rh4 $1 {[%emt 0:00:18] Weighted Error Value: White=0.04 (flawless) /Black=0.05 (flawless)   Loses game:     	---       	Black=1      Missed win:     	White=2     	---        Mistake:       	---       	Black=3      Inaccurate:     	White=3     	Black=6      OK:         	White=24    	Black=35     Best:        	White=11    	Black=5      Strong:       	White=3     	Black=4} 1/2-1/2

[Event "American Cup Open Champions 2025"]
[Site "Saint Louis"]
[Date "2025.03.15"]
[Round "1.2"]
[White "So, Wesley"]
[Black "Dominguez Perez, Leinier"]
[Result "1/2-1/2"]
[Annotator "TA"]
[ECO "D38"]
[WhiteElo "2748"]
[BlackElo "2741"]
[PlyCount "84"]
[EventDate "2025.03.02"]
[EventType "k.o."]
[EventCountry "USA"]
[SourceTitle "playchess.com"]
[Source "ChessBase"]
[SourceQuality "1"]
[TimeControl "5400+30"]

1. c4 e6 2. Nc3 Nf6 3. Nf3 d5 4. d4 Bb4 5. Qa4+ Nc6 6. e3 O-O 7. Qc2 {[%emt 0:00:47] D38: Queen's Gambit Declined: Ragozin Defence (4 Nf3 Bb4).} Re8 8. Bd2 a6 9. a3 Bd6 10. h3 Bd7 11. Rd1 h6 12. c5 (12. Bc1 {looks sharper.} dxc4 13. Bxc4 e5 14. O-O) 12... Bf8 13. Ne5 Nxe5 14. dxe5 Ne4 15. Nxe4 dxe4 16. Ba5 Qc8 17. g4 Bc6 18. Bg2 Rd8 19. Rxd8 Qxd8 20. Bxe4 {[%emt 0:00:15] The position is equal.} Bxe4 21. Qxe4 Bxc5 22. Qxb7 Rb8 23. Qxc7 Qxc7 24. Bxc7 Rxb2 $11 {[%emt 0:02:06][%mdl 4096] [#] Endgame KRB-KRB. White is a pawn up.} 25. O-O Bxa3 $146 (25... Rc2 26. Bd6 Bxd6 27. exd6 Rd2 28. Rb1 Rxd6 29. Rb8+ Kh7 30. Rb7 Kg6 31. Ra7 Kf6 {1-0 So,W (2767)-Vidit,S (2718) FIDE World Cup 2019 (3.1)}) 26. Ra1 Be7 27. Rxa6 Bh4 28. f4 Bf2+ 29. Kh1 Bxe3 30. f5 Bf4 31. Ra8+ Kh7 32. Rf8 {[%emt 0:00:04] [#]} Rb7 33. Rxf7 {[%emt 0:01:06] f6 would now be deadly.} Bxe5 34. fxe6 (34. Bxe5 $2 Rxf7 35. fxe6 Re7 $19) 34... Bxc7 {[%emt 0:00:08] KRB-KR} (34... Rxc7 $2 {perishes.} 35. Rxc7 Kg6 36. Rf7 $18) 35. e7 Rb1+ 36. Kg2 Re1 $1 {[%emt 0:00:07] and ...Bd6 would now be decisive} (36... Rb2+ 37. Rf2 Rb8 38. Rf8 Rb2+ 39. Kf3 Rb3+ 40. Ke4 Rb4+ 41. Kd5 Rb5+ 42. Kd4 $16) 37. e8=Q Rxe8 38. Rxc7 Re2+ 39. Kg3 Re3+ 40. Kg2 Re2+ 41. Kg3 Re3+ 42. Kg2 Re2+ {[%emt 0:00:08] An even fight not without its subleties.   Weighted Error Value: White=0.01 (flawless) /Black=0.01 (flawless)   OK:         	White=17    	Black=18     Best:        	White=4     	Black=4      Strong:       	---       	Black=1} 1/2-1/2

[Event "American Cup Open Champions 2025"]
[Site "Saint Louis"]
[Date "2025.03.16"]
[Round "1.2"]
[White "Dominguez Perez, Leinier"]
[Black "So, Wesley"]
[Result "1/2-1/2"]
[Annotator "RC"]
[ECO "C54"]
[WhiteElo "2741"]
[BlackElo "2748"]
[PlyCount "73"]
[EventDate "2025.03.02"]
[EventType "k.o."]
[EventCountry "USA"]
[SourceTitle "playchess.com"]
[Source "ChessBase"]
[SourceQuality "1"]
[TimeControl "5400+30"]

1. e4 e5 2. Nf3 Nc6 3. Bc4 Bc5 4. c3 Nf6 5. d3 d6 6. O-O a6 7. a4 Ba7 8. Re1 O-O 9. h3 b5 10. Bb3 b4 11. a5 Rb8 12. Bc4 bxc3 13. bxc3 Nxa5 14. Rxa5 Rxb1 15. Qc2 Rb8 16. Bxa6 Bb6 17. Ra3 Bxa6 18. Rxa6 h6 19. Nd2 Ra8 20. Rxa8 Qxa8 21. Nc4 Bc5 22. Be3 Bxe3 23. Nxe3 Rb8 24. Rb1 Rxb1+ 25. Qxb1 g6 26. g3 Kg7 27. h4 Qa3 28. Qc2 h5 29. Qd2 Qc5 30. Nf5+ gxf5 31. Qg5+ Kf8 32. Qxf6 fxe4 33. Qd8+ Kg7 34. Qg5+ Kf8 35. Qd8+ Kg7 36. Qg5+ Kf8 37. Qd8+ 1/2-1/2

[Event "American Cup Open Champions 2025"]
[Site "Saint Louis"]
[Date "2025.03.16"]
[Round "1.2"]
[White "Sevian, Samuel"]
[Black "Aronian, Levon"]
[Result "1/2-1/2"]
[Annotator "TA"]
[ECO "C55"]
[WhiteElo "2692"]
[BlackElo "2748"]
[PlyCount "86"]
[EventDate "2025.03.02"]
[EventType "k.o."]
[EventCountry "USA"]
[SourceTitle "playchess.com"]
[Source "ChessBase"]
[SourceQuality "1"]
[TimeControl "5400+30"]

1. e4 e5 2. Nf3 Nc6 3. Bc4 Nf6 4. d3 Be7 5. O-O O-O 6. Re1 d6 7. a4 Be6 8. Nbd2 Qd7 9. c3 h6 {[%emt 0:03:59] C55: Two Knights: 4 d3, 4 d4 exd4 5 e5 and Max Lange Attack.} 10. a5 Bxc4 11. Nxc4 b5 12. Ne3 Rfe8 13. a6 $146 (13. Bd2 d5 14. Qc2 Rad8 15. b4 dxe4 16. dxe4 Qd3 17. Qxd3 Rxd3 18. Nf1 Bf8 19. Re2 {½-½ De Smet,K (2176)-Klewe,W (2175) BEL-GER email 2017}) 13... Bf8 14. Nh4 g6 {[%emt 0:03:55] Dodges Nhf5} 15. h3 $1 Red8 16. Ng4 Nxg4 17. Qxg4 Qxg4 18. hxg4 d5 19. Nf3 g5 20. Be3 d4 21. cxd4 exd4 22. Bd2 Nb4 23. Bxb4 Bxb4 24. Rec1 c5 25. Ne1 c4 26. Nc2 Bf8 27. Na3 Bxa3 28. Rxa3 $15 {[%emt 0:00:03][%mdl 4096] Endgame KRR-KRR. The position is equal.} Rac8 29. Kf1 b4 30. Ra4 cxd3 31. Rd1 Rc2 32. Rxb4 Rd6 ({Of course not} 32... d2 $6 33. Ke2 $16) 33. Rxd3 Rf6 34. f3 (34. Rbxd4 Rfxf2+ 35. Ke1 Rxg2 $17) 34... Rxa6 {[%emt 0:00:04] [#] ( -> ...Ra1+)} 35. Rbxd4 Rxb2 {[%emt 0:00:08] and ...Raa2 would now be decisive} 36. Rd2 Rxd2 37. Rxd2 $11 {[%emt 0:00:02] KR-KR} Kg7 38. Kf2 Ra3 39. Rd7 Ra2+ 40. Ke3 Ra3+ 41. Kd4 Ra2 42. Ke3 {[%emt 0:00:03] Wards off Rd2} Ra3+ 43. Kd4 Ra2 {[%emt 0:00:04] Not much happened in this game.   Weighted Error Value: White=0.05 (flawless) /Black=0.04 (flawless)   Inaccurate:     	White=2     	Black=2      OK:         	White=14    	Black=18     Best:        	---       	Black=3      Strong:       	White=1     	---} 1/2-1/2

[Event "American Cup Open Champions 2025"]
[Site "Saint Louis"]
[Date "2025.03.16"]
[Round "1.2"]
[White "Robson, Ray"]
[Black "Caruana, Fabiano"]
[Result "1/2-1/2"]
[Annotator "TA"]
[ECO "B35"]
[WhiteElo "2689"]
[BlackElo "2783"]
[PlyCount "48"]
[EventDate "2025.03.02"]
[EventType "k.o."]
[EventCountry "USA"]
[SourceTitle "playchess.com"]
[Source "ChessBase"]
[SourceQuality "1"]
[TimeControl "5400+30"]

1. e4 c5 2. Nc3 Nc6 3. Nf3 g6 4. d4 cxd4 5. Nxd4 Bg7 6. Be3 Nf6 7. Bc4 O-O 8. Bb3 a5 9. O-O Ng4 10. Qxg4 Nxd4 11. Qd1 Nxb3 12. axb3 d6 {[%emt 0:15:19] B35: Sicilian: Accelerated Dragon with 5 Nc3: main line.} 13. Bd4 Ra6 14. Bxg7 Kxg7 {[%emt 0:00:04] White is slightly better.} 15. Qd4+ f6 $146 (15... Kg8 16. Rfd1 Be6 17. Qe3 Qc7 18. Rd2 Re8 19. h4 Qc5 20. Qxc5 dxc5 21. Nd5 Bxd5 22. Rxd5 {1-0 Prelati,M (1843)-Zanin,L (1653) Arco op 43rd 2021 (8)}) 16. Nd5 Be6 17. c4 Qd7 18. Ra2 Rb8 19. Rfa1 Qd8 20. h3 Rba8 21. Ra3 Bf7 22. R3a2 Be6 23. Ra3 Bf7 24. R3a2 Be6 {[%emt 0:00:29] Weighted Error Value: White=0.15 (very precise) /Black=0.06 (flawless)   Inaccurate:     	---       	Black=1      OK:         	White=4     	Black=5} 1/2-1/2

[Event "American Cup Open Champions 2025"]
[Site "Saint Louis"]
[Date "2025.03.16"]
[Round "1.2"]
[White "Mishra, Abhimanyu"]
[Black "Nakamura, Hikaru"]
[Result "1/2-1/2"]
[Annotator "TA"]
[ECO "B06"]
[WhiteElo "2600"]
[BlackElo "2802"]
[PlyCount "97"]
[EventDate "2025.03.02"]
[EventType "k.o."]
[EventCountry "USA"]
[SourceTitle "playchess.com"]
[Source "ChessBase"]
[SourceQuality "1"]
[TimeControl "5400+30"]

1. e4 c5 2. Nf3 g6 3. c3 d5 4. exd5 Qxd5 5. d4 Bg7 6. Na3 cxd4 7. Nb5 {[%emt 0:00:27] B06: Modern Defence.} Na6 {Prevents Nc7+.} 8. Nbxd4 Nf6 9. Bb5+ Bd7 10. Bxa6 $1 {[%emt 0:00:11] 10.Bxa6 scores better than 10.Qe2.} bxa6 11. O-O O-O 12. Re1 Rfe8 13. Ne5 Red8 14. Qb3 Be8 15. h3 $146 (15. Nef3 Qc5 16. Qb7 Nd5 17. Qxa6 e5 18. Nxe5 Nxc3 19. Be3 Qxe5 20. bxc3 Qd6 21. Qe2 {½-½ Pundak,M-Polatel,A (2111) EU-ch 2016 pr07 email}) 15... e6 16. Bf4 a5 (16... Rab8 {looks sharper.} 17. Qa3 Nh5 18. Bh2 Bf8) 17. Qxd5 (17. Nef3 $11) 17... Nxd5 $15 18. Bg3 Rac8 {[%emt 0:06:25] Strong Rooks Black (c8+d8) Prevents Ndc6.} 19. Re2 a4 20. a3 $1 Nb6 21. Rae1 a6 22. f4 Nd5 23. Bh2 Bf8 24. Kh1 Bd6 25. g4 Bb8 26. f5 f6 27. Nef3 (27. Nxe6 $11 fxe5 28. Nxd8 Rxd8 29. Bxe5) 27... e5 $17 28. Ne6 Rd6 29. Nd2 Bc6 30. Ne4 Nc7 ({Black should try} 30... Nb6 $17 {...Nc4 would now be deadly.} 31. Bg1 Nc4) 31. Nd4 Bb7 {[%emt 0:02:58] This pair of bishops is nice.} 32. Kg1 (32. fxg6 $142 hxg6 33. Bg3) 32... Bxe4 33. Rxe4 Ba7 (33... Rb6 $17 34. Ne2 Rxb2 35. Rxa4 Rd8) 34. Kh1 $11 Rcd8 35. fxg6 hxg6 (35... exd4 36. Bxd6 (36. Re7 Re6 $14) 36... Rxd6 37. gxh7+ (37. Re7 Bb6 $18) 37... Kh8 38. Re7 $16) 36. Nf3 Rd3 37. Kg2 Nd5 38. g5 Rf8 39. gxf6 Rxf6 40. Nxe5 Rf2+ 41. Kh1 Rxh3 42. Ng4 {[%emt 0:00:25] Counterplay Black} Rxb2 43. Rd1 Ne3 {[%emt 0:00:00] ( -> ...Nxg4)} (43... Nxc3 $2 {is the wrong capture.} 44. Rd8+ Kf7 45. Rd7+ Kf8 46. Rc4 (46. Rf4+ Ke8 $18) 46... Rhxh2+ 47. Nxh2 $18) 44. Rd7 $2 {[%emt 0:00:00][%mdl 8192] [#]} (44. Rd8+ $11 Kf7 45. Rd7+ Kf8 46. Rf4+ Kg8 47. Rd8+ Kg7 48. Rd7+ Kg8) 44... Kf8 $2 45. Rd8+ {[%emt 0:00:00] The position is equal.} Kf7 46. Rd7+ Kf8 47. Rd8+ Kf7 48. Rd7+ Kf8 {[#] ( -> ...Rb1+)} 49. Rd8+ {Weighted Error Value: White=0.22 (precise) /Black=0.23 (precise)   Loses game:     	White=1     	---        Missed win:     	---       	Black=1      Mistake:       	White=3     	Black=2      Inaccurate:     	White=2     	Black=1      OK:         	White=18    	Black=16     Best:        	White=6     	Black=5      Strong:       	White=1     	---} 1/2-1/2

[Event "American Cup Open Champions 2025"]
[Site "Saint Louis"]
[Date "2025.03.16"]
[Round "1.3"]
[White "Nakamura, Hikaru"]
[Black "Mishra, Abhimanyu"]
[Result "0-1"]
[Annotator "TA"]
[ECO "A14"]
[WhiteElo "2802"]
[BlackElo "2600"]
[PlyCount "128"]
[EventDate "2025.03.02"]
[EventType "k.o."]
[EventCountry "USA"]
[SourceTitle "playchess.com"]
[Source "ChessBase"]
[SourceQuality "1"]
[TimeControl "180+2"]

1. Nf3 Nf6 2. g3 d5 3. Bg2 e6 4. O-O Be7 5. b3 O-O 6. e3 c5 7. Bb2 Nc6 8. c4 d4 9. exd4 cxd4 10. Re1 Rb8 {[%emt 0:00:23] A14: English Opening: 1...e6 with b3 by White.} 11. Na3 Bc5 12. Nc2 b6 {[%emt 0:00:18] The position is equal.} (12... d3 $5 13. Ne3 $8 Qd6 $11) 13. d3 Bb7 14. a3 {[%emt 0:00:07][%cal Ba2a3,Ba3b4,Bb4b5][%mdl 32] And now b4 would win.} a5 15. Rb1 Re8 16. Bc1 e5 17. b4 axb4 $146 (17... Bd6 18. Bg5 h6 19. Bxf6 Qxf6 20. Nd2 Qg6 21. Bd5 axb4 22. Qf3 Na5 23. axb4 Bxd5 24. cxd5 {1-0 Haring,F (2470)-Estevez Sacristan,D (1988) Prague op 2025 (1)}) 18. axb4 Bd6 19. Bg5 h6 20. Bxf6 Qxf6 21. Nd2 Qe7 22. b5 Nb4 23. Nxb4 Bxb4 24. Bxb7 Bxd2 25. Qxd2 Qxb7 26. Qe2 Ra8 27. Ra1 Rxa1 28. Rxa1 $11 {[%emt 0:00:00][%mdl 4096] Endgame KQR-KQR} e4 29. dxe4 Rxe4 30. Qd3 g6 31. Qd2 h5 32. h4 Qe7 33. Kg2 Qb7 {[%emt 0:00:02] ( -> ...Re2+) Inhibits Ra8+.} 34. Kg1 Qe7 35. Rd1 Kh7 36. Kg2 Qb7 37. Kh2 (37. Kg1 $11) 37... Qc7 $15 38. Qd3 Rxh4+ 39. Kg2 Rg4 40. Re1 Qb7+ (40... Kg7 $1 $17 41. Re8 Qd6) 41. Kh2 (41. f3 h4 42. Re4 Rxe4 43. fxe4 h3+ 44. Kxh3 Qd7+ 45. Kg2) 41... h4 42. Kh3 (42. Re5 $1 $11 {remains equal.}) 42... Rg5 (42... Qc8 $17 43. Kh2 hxg3+ 44. fxg3 Qc7) 43. g4 (43. gxh4 $2 Qg2#) (43. Kxh4 $2 Rf5 (43... Rh5+ $2 44. Kg4 $19) 44. Kh3 (44. Qxd4 Qf3) 44... Rxf2 $17) (43. Re4 $11 {and White stays safe.}) 43... f5 $1 $19 44. f3 (44. Qxd4 $142 Qf3+ (44... Rxg4 $2 45. Qd5 $19) 45. Kh2 Rxg4 (45... Qxg4 46. Re7+ Kh6 47. Qh8#) 46. Re7+ Kh6 47. Qe3+ Qxe3 48. Rxe3) 44... fxg4+ 45. fxg4 (45. Kxh4 Rh5+ (45... Qxf3 $2 46. Qxf3 gxf3 47. Kxg5 $18) 46. Kxg4 Qd7+ 47. Kg3 Qh3+ 48. Kf2 Qh2+ 49. Kf1 Rg5 50. Re7+ Kh6 51. Qxd4 Qh1+ 52. Ke2 Rg2+ 53. Ke3 Qe1+ 54. Kf4 Qh4+ (54... Qxe7 $2 55. Qh8+ Qh7 56. Qxh7+ Kxh7 57. Ke5 $19) 55. Ke3 Qxe7+) 45... Qf7 $2 (45... Qd7 46. Re4 $16) (45... Re5 $1 $19 46. Qd1 Rxe1 47. Qxe1 Qf3+ 48. Kh2 Qf6 (48... Qxg4 49. Qe7+ Kh6 50. Qf8+ Kg5 51. Qd8+ Kf5 52. Qd7+ Kg5 53. Qd8+ Kh5 54. Qh8+ Kg5 55. Qd8+ $11)) 46. Qe4 Rc5 (46... Qxc4 47. Qe7+ Kg8 48. Qe8+ (48. Qd8+ Kg7 $18) 48... Kh7 49. Re7+ (49. Kxh4 Qg8 $18)) 47. Qxd4 {[%emt 0:00:09][%mdl 8192] [#]} (47. Kxh4 $11 Rxc4 48. Qe7) 47... Rxc4 $2 (47... Qxc4 48. Re7+ Kh6 49. Qh8+ Kg5 50. Re5+ (50. Qxh4+ Kf4 $18) 50... Rxe5 51. Qxe5+ (51. Qxh4+ Kf4 $18) 51... Kh6 52. Qh8+ (52. Kxh4 Qg8 $14) 52... Kg5 53. Qxh4+ Kf4 54. g5+ Ke5 55. Qxc4) (47... Qf3+ $1 {mates} 48. Kh2 Qg3+ 49. Kh1 Qxe1+ 50. Qg1 Qxg1+ 51. Kxg1 Kh6 (51... Rxc4 {leads to mate.} 52. g5 h3 53. Kh2 Rg4 54. Kxh3 Rxg5 55. Kh4 Kh6 56. Kh3 Kh5 57. Kh2 Kh4 58. Kh1 Kg3 59. Kg1 Rf5 60. Kh1 Rf1#) 52. Kg2 Rxc4 53. Kf3 Kg5 54. Ke3 Rxg4 55. Kd3 h3 56. Ke2 h2 57. Kf3 h1=Q+ (57... h1=R 58. Ke3 Rh3+ 59. Kf2 Rgg3 60. Ke1 Rh2 61. Kf1 Rg4 62. Ke1 Rg1#) 58. Ke2 Qh3 59. Ke1 Rg2 60. Kf1 Qh1#) 48. Re7 $132 {[%emt 0:00:01][%mdl 2048] White puts up resistance} Qxe7 (48... Rxd4 {simplifies} 49. Rxf7+ Kh6 50. Kxh4 Rb4) 49. Qxc4 {[%emt 0:00:00] KQ-KQ. Black is a pawn up.} g5 50. Qc2+ Kg7 51. Qc3+ Qf6 52. Qc7+ Kg6 53. Qc6 Kf7 54. Qc7+ Ke8 {[%emt 0:00:01] ( -> ...Qf1+)} 55. Qc8+ $1 Qd8 56. Qe6+ Kf8 57. Qh6+ Kf7 {[%emt 0:00:02] aiming for ...Qd3+.} 58. Qh7+ Ke6 59. Qf5+ Kd6 60. Qd3+ Kc7 61. Qc3+ Kb8 62. Qe3 Qc7 63. Kg2 Qc2+ 64. Kg1 $2 {[%emt 0:00:01][%mdl 8192] [#]} (64. Kh3 $11) 64... Qc5 $1 {[%emt 0:00:01] Weighted Error Value: White=0.49/Black=0.34  Loses game:     	White=3     	---        Missed win:     	---       	Black=2      Mistake:       	White=3     	Black=2      Inaccurate:     	White=4     	Black=2      OK:         	White=23    	Black=26     Best:        	White=2     	Black=3      Strong:       	White=1     	Black=2} 0-1

[Event "American Cup Open Champions 2025"]
[Site "Saint Louis"]
[Date "2025.03.15"]
[Round "1.3"]
[White "Caruana, Fabiano"]
[Black "Robson, Ray"]
[Result "1/2-1/2"]
[Annotator "TA"]
[ECO "A08"]
[WhiteElo "2783"]
[BlackElo "2689"]
[PlyCount "107"]
[EventDate "2025.03.02"]
[EventType "k.o."]
[EventCountry "USA"]
[SourceTitle "playchess.com"]
[Source "ChessBase"]
[SourceQuality "1"]
[TimeControl "5400+30"]

1. Nf3 d5 2. g3 c5 3. Bg2 Nf6 4. O-O g6 5. c4 Bg7 6. Qa4+ {[%emt 0:00:26] A08: King's Indian Attack.} Nc6 7. Nc3 $146 (7. d4 cxd4 8. Nxd4 Bd7 9. cxd5 Nxd5 10. Nxc6 Bxc6 11. Qb3 e6 12. e4 Nb6 13. Nc3 {0-1 Grischuk,A (2708)-Vidit,S (2720) CrunchLab Masters Div 2 W rapid 2024 (4.5)}) 7... d4 {[%emt 0:46:51] [#]} 8. Ne5 $1 O-O 9. Nxc6 bxc6 10. Nd1 Bd7 11. d3 e5 12. Bxc6 Bxc6 {[%emt 0:08:42] Black sacrificed a pawn} 13. Qxc6 Rc8 14. Qg2 Qd7 15. f3 a5 16. b3 a4 17. Nb2 axb3 $1 18. axb3 Qb7 19. Ra3 Qb4 20. Na4 (20. Nd1 $14) 20... Bh6 21. Bxh6 Qxa3 22. Bxf8 Rxf8 23. Rb1 (23. Qh3 $14 {is superior.}) 23... Rb8 $11 24. Qf1 Nd7 25. Qd1 f5 26. Qc2 Nf6 27. Kg2 Nd7 28. Kf2 Kf7 29. e4 fxe4 30. dxe4 g5 31. Kg2 Ke6 32. Qd1 h6 33. f4 gxf4 34. Qg4+ Kd6 (34... Ke7 $1 $11) 35. gxf4 $14 Rxb3 $2 (35... Qb4 $1 $14 36. fxe5+ Nxe5) 36. Rxb3 $18 Qxa4 $14 {[%emt 0:00:01][%mdl 4096] Endgame KQR-KQN} (36... Qxb3 $2 37. Qxd7+ Kxd7 38. Nxc5+ Kd6 39. Nxb3 $18) 37. Qg6+ (37. Rb2 $1 $18 {is the precise move to win.}) 37... Kc7 $16 38. Rb2 {[%emt 0:00:03] Inhibits Qa2.} exf4 39. Qxh6 {[%emt 0:02:29] White is more active.} ({White should try} 39. Qf7 $16) 39... f3+ $14 40. Kg3 (40. Kxf3 $2 Qa3+ (40... Qxc4 41. Qf4+ Kc6 42. Kg2 $14) 41. Kg4 Qxb2 $19) 40... Qxc4 41. Qf4+ (41. Kxf3 $2 Qc3+ 42. Kg4 Qxb2 $19) 41... Kc8 {[%emt 0:00:29] [#]} ({Black should try} 41... Kc6 $14) 42. Qxf3 (42. Kxf3 $2 {loses.} Qc3+ 43. Kg4 Qxb2 $19) (42. h4 $1 $16 ) 42... Qc1 $1 $11 43. Ra2 Qg5+ {[%emt 0:00:31] [#]} (43... c4 $14) 44. Kf2 $2 (44. Qg4 $1 $18 Qxg4+ 45. Kxg4) 44... c4 45. Qf5 Qe3+ {[%emt 0:00:30] The position is equal.} ({Wrong is} 45... Qxf5+ $2 46. exf5 Kc7 47. Kf3 $18) 46. Kg2 {[%emt 0:00:03] White threatens Ra8+ and mate.} d3 $1 47. Qd5 c3 48. Qc6+ Kd8 49. Qxc3 Qxe4+ 50. Kf2 Qf5+ 51. Kg1 Qg4+ 52. Kf2 Qf5+ 53. Kg1 {[%emt 0:00:32] Strongly threatening Qa5+.} Qg4+ 54. Kf2 {[%emt 0:00:11] Weighted Error Value: White=0.17 (very precise) /Black=0.16 (very precise)   Loses game:     	---       	Black=1      Missed win:     	White=1     	---        Mistake:       	White=5     	Black=3      Inaccurate:     	White=3     	Black=1      OK:         	White=16    	Black=22     Best:        	White=4     	Black=5      Strong:       	---       	Black=3} 1/2-1/2